 Dungeon Crawl Stone Soup version 0.29-a0-722-g64f5989226 (webtiles) character file.

Game seed: 4768748834119128751

54 Ijustatesigmund the Magician (level 3, -1/19 HPs)
             Began as a Deep Elf Earth Elementalist on June 28, 2022.
             Slain by an orc
             ... wielding a +0 dagger
              (2 damage)
             ... on level 2 of the Dungeon.
             The game lasted 00:04:07 (2131 turns).

Ijustatesigmund the Magician (DEEE)                 Turns: 2131, Time: 00:04:07

Health: -1/19      AC:  3    Str:  5    XL:     3   Next: 66%
Magic:  0/10       EV: 12    Int: 21    God:
Gold:   107        SH:  0    Dex: 15    Spells: 4/10 levels left

rFire   . . .      SeeInvis .   c - +0 short sword
rCold   . . .      Faith    .   (no shield)
rNeg    . . .      Spirit   .   a - +1 robe
rPois   .          Reflect  .   (no helmet)
rElec   .          Harm     .   (no cloak)
rCorr   .          Rampage  .   (no gloves)
Will    .....                   (no boots)
Stlth   ++........              (no amulet)
HPRegen 0.06/turn               (no ring)
MPRegen 0.12/turn               (no ring)

@: no status effects
A: no striking features
a: no special abilities


You were on level 2 of the Dungeon.
You visited 1 branch of the dungeon, and saw 2 of its levels.

You collected 107 gold pieces.

Inventory:

Hand Weapons
 c - a +0 short sword (weapon)
Armour
 a - a +1 robe (worn)
Scrolls
 f - 2 scrolls of identify
 h - a scroll of blinking {unknown}
Potions
 b - a potion of magic


   Skills:
 - Level 2.4 Dodging
 - Level 2.4 Stealth
 + Level 4.4 Spellcasting
 + Level 1.2 Conjurations
 - Level 1.1 Transmutations
 - Level 4.0 Earth Magic


You had 4 spell levels left.
You knew the following spells:

 Your Spells              Type           Power      Damage    Failure   Level
a - Sandblast             Erth           42%        2d11      2%          1
b - Stone Arrow           Conj/Erth      30%        3d8       12%         3
c - Passwall              Tmut/Erth      12%        N/A       6%          2

Your spell library contained the following spells:

 Spells                   Type           Power      Damage    Failure   Level
 Petrify                  Tmut/Erth      15%        N/A       36%         4


Dungeon Overview and Level Annotations

Branches:
Dungeon (2/15)

Altars:


Message History

The bat hits you but does no damage. The orc hits you with a +0 dagger.
* * * LOW HITPOINT WARNING * * *
The orc priest looks encouraged for a moment.
You aren't carrying any items that you can evoke.
You feel better. The bat closely misses you. x2
The orc hits you but does no damage.
The hobgoblin is engulfed in poison gas.
The hobgoblin is poisoned.
Casting: Sandblast (safe; 2% risk of failure)
Confirm with . or Enter, or press ? or * to list all spells.
Aiming: Sandblast (safe; 2% risk of failure)
Press: ? - help, Shift-Dir - straight line, f - bat
Aim: a bat (moderately wounded, 71% to hit)
The blast of sand hits the bat.
You kill the bat!
The hobgoblin is engulfed in poison gas.
The hobgoblin looks even sicker.
You kill the hobgoblin!
The orc closely misses you. x2
You see here a bat corpse.
Casting: Sandblast (safe; 2% risk of failure)
Confirm with . or Enter, or press ? or * to list all spells.
Aiming: Sandblast (safe; 2% risk of failure)
Press: ? - help, Shift-Dir - straight line, f - orc
Aim: an orc, wielding a +0 dagger and wearing a +0 ring mail (83% to hit)
The blast of sand hits the orc but does no damage.
The orc barely misses you. The orc closely misses you.
Casting: Sandblast (safe; 2% risk of failure)
Confirm with . or Enter, or press ? or * to list all spells.
Aiming: Sandblast (safe; 2% risk of failure)
Press: ? - help, Shift-Dir - straight line, f/p - orc
Aim: an orc, wielding a +0 dagger and wearing a +0 ring mail (83% to hit)
The blast of sand hits the orc.
The orc is severely wounded.
The orc priest mumbles some strange prayers to Beogh against you.
Beogh smites you!
Ouch! That really hurt!
* * * LOW HITPOINT WARNING * * *
The orc hits you with a +0 dagger.
You die...

###########
#....☼§§○§#
#....§§☼☼.#
#....§§○..#
#....§§...#
#####§#####
##@○# #☼o##
#§o##
.○☼§§.
..§§§#...
..###☼§§...
. ###☼...#
##...o
.###.


You could see an orc priest and an orc.

Vanquished Creatures
  A worm (D:2)
  2 orcs (D:2)
  A giant cockroach (D:1)
  6 goblins
  6 hobgoblins
  6 jackals
  2 kobolds (D:1)
  6 quokkas
  3 ball pythons (D:1)
  3 bats
  3 frilled lizards
  5 rats
44 creatures vanquished.

Notes
Turn   | Place    | Note
-------+----------+-------------------------------------------
     0 | D:1      | Ijustatesigmund the Deep Elf Earth Elementalist began the
                  | quest for the Orb.
     0 | D:1      | Reached XP level 1. HP: 10/10 MP: 6/6
   279 | D:1      | Reached XP level 2. HP: 15/15 MP: 2/8
   366 | D:1      | Found a faded altar of an unknown god.
   954 | D:1      | Reached XP level 3. HP: 5/19 MP: 5/10
  1188 | D:1      | Learned a level 3 spell: Stone Arrow
  1191 | D:1      | Learned a level 2 spell: Passwall
  1833 | D:2      | Reached skill level 1 in Conjurations
  2131 | D:2      | Slain by an orc

Illustrated notes

Levels and vault maps discovered:
D:1:      dpeg_arrival_rhombus, layout_basic, hellmonk_ecumenical_altar_lost_god
D:2:      layout_rooms, basic_altar, minmay_domino_4

Skill      XL: |  1  2  3 |
---------------+----------+-----
Spellcasting   | 4 |  4.4
Earth Magic    | 4 |  4.0
Conjurations   | 1 |  1.2
Dodging        | |  2.4
Stealth        | |  2.4
Transmutations | |  1.1

Action                   || total
-------------------------++-------
Melee: Short sword       ||     2
 Cast: Sandblast         ||    72
       Stone Arrow       ||     2
  Use: Potion            ||     3
       Scroll            ||     6
Armor: Robe              ||     9
Dodge: Dodged            ||    42

Table legend: (Time is in decaauts)
 A = Elapsed time spent in this place.
 B = Non-inter-level travel time spent in this place.
 C = Inter-level travel time spent in this place.
 D = Time resting spent in this place.
 E = Time spent auto-exploring this place.
 F = Levels seen in this place.
 G = Mean time per level.
                   A        B        C        D        E       F      G
               +--------+--------+--------+--------+--------+-----+--------+
         Total |   2205 |   2189 |     16 |    959 |    919 |   2 | 1102.5 |
       Dungeon |   2205 |   2189 |     16 |    959 |    919 |   2 | 1102.5 |
               +--------+--------+--------+--------+--------+-----+--------+

Top non-repeatable levels by time:
     D:1: 1463 daAuts
     D:2: 741 daAuts
